Map: Honorgrounds LE

Players

Kashim - Winner!

  • Race: Zerg Zerg
  • Spawn Location: 7:00

Matrix

  • Race: Protoss Protoss
  • Spawn Location: 11:00

Event: IEM XI Katowice - World Championship 2017

VOD

Have the link to the VOD?

Description

Time

  • Played on: Feb. 27, 2017, 4:23 a.m.
  • Length: 14:52

All games in this series

Show
View Real Time Build Order
Export as new Build Order

Kashim Zerg - Winner!

Build Orders: Hatch First, Zergling Baneling 

Get SALT Encoding   

  12  0:01  Drone  
  13  0:13  Overlord  
  13  0:17  Drone  
  14  0:31  Drone  
  14  0:32  Drone  
  14  0:35  Drone  
  17  0:53  Hatchery  
  17  0:56  Drone  
  17  1:00  Drone  
  17  1:03  Extractor  
  17  1:17  Spawning Pool  
  16  1:23  Drone  
  16  1:24  Drone  
  18  1:31  Drone  
  19  1:40  Overlord  
  19  1:52  Drone  
  20  2:03  Drone  
  20  2:04  Queen  
  20  2:06  Metabolic Boost  
  23  2:11  Queen  
  25  2:17  Zergling x2  
  25  2:18  Zergling x2  
  25  2:22  Drone  
  28  2:26  Drone  
  28  2:28  Drone  
  30  2:50  Hatchery  
  29  3:02  Drone x3  
  32  3:16  Baneling Nest  
  32  3:17  Drone  
  32  3:18  Drone x4  
  36  3:20  Overlord  
  36  3:35  Overlord x2  
  36  3:39  Zergling x2  
  36  3:40  Zergling x6  
  40  3:45  Zergling x4  
  40  3:47  Zergling x2  
  43  3:54  Zergling x2  
  43  3:55  Zergling x6  
  47  3:56  Zergling x2  
  47  4:01  Baneling x3  
  47  4:02  Baneling  
  48  4:04  Zergling x4  
  48  4:06  Zergling x2  
  51  4:12  Baneling x2  
  51  4:13  Baneling x4  
  51  4:14  Baneling  
  51  4:15  Zergling x2  
  52  4:18  Zergling x2  
  52  4:20  Zergling x2  
  52  4:21  Zergling x2  
  52  4:24  Baneling  
  55  4:25  Zergling x2  
  55  4:26  Zergling x2  
  55  4:28  Zergling x2  
  52  4:49  Zergling x2  
  52  4:50  Zergling x12  
  52  4:54  Queen  
  49  5:01  Zergling x4  
  49  5:02  Zergling x10  
  54  5:09  Zergling x6  
  55  5:19  Drone x2  
  55  5:20  Drone  
  57  5:22  Lair  
  56  5:31  Drone  
  56  5:32  Drone x2  
  58  5:36  Overlord x2  
  48  6:07  Drone x7  
  48  6:08  Drone x8  
  58  6:20  Evolution Chamber  
  58  6:21  Hydralisk Den  
  58  6:25  Extractor x2  
  54  6:26  Extractor  
  54  6:31  Drone x2  
  54  6:32  Drone  
  56  6:44  Overseer  
  56  6:46  Zerg Missile Weapons Level 1  
  56  6:53  Extractor, Drone x9  
  56  6:54  Drone x2  
  66  6:55  Extractor  
  65  7:02  Muscular Augments  
  65  7:26  Drone  
  65  7:27  Drone  
  65  7:29  Drone x3  
  70  7:32  Spire  
  69  7:44  Overlord x6  
  69  7:45  Overlord  
  69  7:50  Overseer  
  69  8:01  Drone x2  
  69  8:02  Infestation Pit, Drone  
  69  8:04  Hydralisk x11  
  69  8:05  Hydralisk  
  93  8:09  Overseer  
  95  8:25  Hydralisk x5  
  105  8:43  Hydralisk  
  105  8:44  Hydralisk x3  
  105  8:46  Overlord x4  
  105  8:47  Overlord x3  
  113  8:57  Overlord  
  113  8:58  Overlord  
  113  9:01  Zerg Missile Weapons Level 2  
  113  9:05  Hatchery  
  113  9:07  Hydralisk x2  
  116  9:12  Pathogen Glands  
  116  9:17  Corruptor  
  116  9:19  Corruptor  
  120  9:27  Hydralisk  
  120  9:28  Hydralisk x2  
  126  9:37  Roach Warren  
  126  9:38  Hydralisk, Extractor  
  124  9:39  Hydralisk  
  124  9:41  Zergling x4  
  124  9:43  Extractor  
  129  9:47  Hydralisk x2  
  133  9:53  Zergling x2  
  133  9:54  Zergling x8  
  138  10:00  Drone  
  138  10:01  Drone x4  
  138  10:04  Zerg Flyer Weapons Level 1  
  143  10:14  Infestor  
  143  10:15  Infestor x2  
  143  10:17  Infestor  
  151  10:24  Burrow  
  151  10:30  Drone x2  
  153  10:37  Infestor  
  153  10:40  Infestor  
  157  10:43  Zergling x2  
  157  10:44  Zergling x26  
  171  10:56  Infestor x2  
  175  11:12  Hydralisk  
  175  11:13  Infestor x2  
  181  11:26  Glial Reconstitution  
  181  11:27  Roach  
  181  11:28  Roach x4  
  181  11:29  Overlord x2  
  181  11:30  Overlord x2  
  191  11:42  Overlord x4  
  191  11:43  Overlord  
  191  12:17  Hydralisk  
  191  12:18  Hydralisk x3  
  199  12:39  Neural Parasite  
  159  12:59  Hydralisk  
  159  13:00  Hydralisk x15  
  164  13:13  Hydralisk x4  
  164  13:18  Hydralisk  
  174  13:21  Hydralisk  
  174  13:24  Hydralisk  
  174  13:25  Hydralisk  
  180  13:29  Queen  
  180  13:34  Hydralisk x4  
  182  13:48  Hydralisk x5  
  171  13:59  Overseer  
  171  14:00  Overseer  
  171  14:04  Hydralisk x11  
  191  14:12  Hydralisk  
  191  14:13  Hydralisk x3  
Show
View Real Time Build Order
Export as new Build Order

Matrix Protoss 

Build Orders: 1 Gate Expand 

Get SALT Encoding   

  12  0:00  Probe (Chrono Boost)  
  13  0:11  Probe (Chrono Boost)  
  14  0:19  Pylon  
  14  0:22  Probe (Chrono Boost)  
  15  0:37  Probe (Chrono Boost)  
  15  0:39  Gateway  
  16  0:46  Assimilator  
  16  0:48  Probe (Chrono Boost)  
  17  0:58  Probe (Chrono Boost)  
  18  1:09  Probe (Chrono Boost)  
  19  1:22  Nexus  
  19  1:34  Cybernetics Core  
  19  1:39  Probe (Chrono Boost)  
  20  1:42  Assimilator  
  20  1:48  Zealot  
  22  1:55  Pylon  
  22  1:58  Probe (Chrono Boost)  
  23  2:13  Warp Gate, Probe (Chrono Boost)  
  24  2:15  Adept  
  26  2:24  Mothership Core (Chrono Boost)  
  28  2:41  Probe (Chrono Boost)  
  28  2:42  Probe (Chrono Boost)  
  28  2:43  Adept  
  32  2:52  Probe (Chrono Boost)  
  32  2:53  Probe (Chrono Boost)  
  34  2:59  Pylon  
  34  3:02  Probe (Chrono Boost)  
  34  3:03  Probe (Chrono Boost)  
  36  3:10  Adept  
  38  3:13  Pylon, Probe (Chrono Boost)  
  38  3:15  Probe (Chrono Boost)  
  40  3:23  Probe (Chrono Boost)  
  40  3:25  Probe (Chrono Boost)  
  42  3:28  Gateway  
  43  3:34  Probe (Chrono Boost)  
  43  3:39  Probe (Chrono Boost)  
  43  3:40  Pylon  
  44  3:44  Probe (Chrono Boost)  
  45  3:50  Probe (Chrono Boost)  
  46  4:05  Stargate  
  46  4:06  Stargate, Probe x2 (Chrono Boost)  
  48  4:17  Probe (Chrono Boost)  
  49  4:21  Probe (Chrono Boost)  
  50  4:25  Assimilator  
  50  4:27  Probe (Chrono Boost), Stalker x2  
  50  4:29  Assimilator  
  55  4:34  Probe (Chrono Boost)  
  55  4:38  Probe (Chrono Boost)  
  57  4:51  Adept x2  
  52  5:01  Pylon  
  48  5:10  Pylon  
  48  5:12  Pylon  
  48  5:15  Pylon  
  48  5:17  Probe x2 (Chrono Boost)  
  50  5:21  Void Ray  
  50  5:22  Void Ray  
  50  5:27  Probe (Chrono Boost)  
  58  5:34  Probe (Chrono Boost)  
  59  5:38  Probe (Chrono Boost)  
  60  5:47  Adept  
  60  5:48  Adept  
  48  6:20  Probe x2 (Chrono Boost)  
  48  6:22  Adept  
  48  6:23  Adept  
  54  6:28  Gateway  
  54  6:29  Gateway  
  54  6:31  Probe x2 (Chrono Boost)  
  54  6:32  Pylon  
  56  6:35  Gateway  
  56  6:41  Probe x2 (Chrono Boost)  
  56  6:46  Adept x2  
  62  6:49  Void Ray  
  62  6:50  Void Ray  
  62  6:52  Probe x2 (Chrono Boost)  
  72  6:58  Fleet Beacon  
  72  7:00  Stargate  
  72  7:02  Probe (Chrono Boost)  
  73  7:15  Stalker x2  
  77  7:39  Nexus, Probe x2 (Chrono Boost)  
  77  7:42  Pylon  
  79  7:44  Pylon  
  79  7:45  Pylon  
  79  7:48  Carrier  
  79  7:50  Probe x2 (Chrono Boost)  
  87  7:59  Twilight Council  
  87  8:02  Probe x2 (Chrono Boost)  
  89  8:07  Adept  
  89  8:12  Probe x2 (Chrono Boost)  
  93  8:21  Carrier  
  93  8:23  Probe x2 (Chrono Boost)  
  101  8:45  Adept  
  101  8:46  Adept x2  
  101  8:47  Resonating Glaives, Probe x2 (Chrono Boost)  
  109  8:58  Probe (Chrono Boost)  
  109  8:59  Probe (Chrono Boost)  
  109  9:02  Graviton Catapult  
  111  9:04  Protoss Air Weapons Level 1  
  111  9:08  Assimilator, Probe x2 (Chrono Boost)  
  114  9:10  Adept x3  
  114  9:11  Assimilator, Probe (Chrono Boost)  
  120  9:20  Robotics Facility  
  120  9:26  Carrier  
  126  9:43  Probe x2 (Chrono Boost)  
  126  9:44  Adept, Probe (Chrono Boost)  
  126  9:45  Adept x4  
  137  10:14  Adept  
  137  10:15  Adept  
  141  10:33  Pylon  
  141  10:36  Pylon  
  141  10:39  Forge  
  141  10:44  Nexus  
  141  10:47  Pylon  
  141  10:48  Pylon  
  141  10:50  Carrier  
  141  10:51  Probe (Chrono Boost)  
  141  10:53  Probe (Chrono Boost)  
  141  10:54  Carrier, Observer, Probe (Chrono Boost)  
  157  11:04  Carrier  
  157  11:07  Probe (Chrono Boost)  
  157  11:08  Probe x2 (Chrono Boost)  
  166  11:13  Observer  
  168  11:19  Probe (Chrono Boost)  
  168  11:23  Probe x2 (Chrono Boost)  
  168  11:24  Assimilator  
  170  11:27  Assimilator  
  170  11:31  Probe (Chrono Boost), Photon Cannon  
  170  11:32  Observer, Photon Cannon  
  171  11:33  Probe (Chrono Boost)  
  171  11:34  Photon Cannon  
  171  11:36  Photon Cannon  
  171  11:38  Photon Cannon  
  173  11:45  Photon Cannon  
  173  11:56  Stargate  
  173  11:58  Pylon, Probe (Chrono Boost)  
  173  12:00  Pylon, Probe (Chrono Boost)  
  175  12:07  Pylon  
  175  12:09  Pylon  
  175  12:13  Pylon  
  175  12:14  Carrier  
  187  12:32  Carrier  
  187  12:33  Carrier  
  187  12:54  Adept  
  187  12:55  Adept x4  
  121  13:24  Adept x5  
  123  13:44  Gateway  
  123  13:47  Gateway  
  114  13:50  Adept, Gateway  
  114  13:51  Adept x4  
  88  14:11  Adept  
  88  14:12  Adept x4  
  94  14:35  Adept x4  

Tags
 
Add a new tag
Caveats
  • Supply blocks, unpowered buildings, or Contaminate may cause inaccurate times.
  • Supply counts are checked every 10 seconds.